 Dungeon Crawl Stone Soup version 0.29-a0-998-g1987434951 (webtiles) character file.

Game seed: 17864393911355091101

66 Sabo the Magician (level 4, 0/27 HPs)
             Began as an Octopode Hedge Wizard on Aug 5, 2022.
             Succumbed to an adder's poison
             ... on level 2 of the Dungeon.
             The game lasted 00:12:29 (4012 turns).

Sabo the Magician (Octopode Hedge Wizard)           Turns: 4012, Time: 00:12:30

Health: 0/27       AC:  1    Str:  9    XL:     4   Next: 15%
Magic:  5/9        EV: 13    Int: 18    God:
Gold:   122        SH:  0    Dex: 11    Spells: 9/10 levels left

rFire   . . .      SeeInvis .   g - +0 flail
rCold   . . .      Faith    .   (no shield)
rNeg    . . .      Spirit   .   b - +0 hat
rPois   .          Reflect  .   (no amulet)
rElec   .          Harm     .   (no ring)
rCorr   .          Rampage  .   (no ring)
Will    .....                   (no ring)
Stlth   +++.......              (no ring)
HPRegen 0.09/turn               (no ring)
MPRegen 0.11/turn               (no ring)
                                (no ring)
                                (no ring)

@: lethally poisoned (0 -> -2), flying
A: almost no armour, amphibious, 8 rings, camouflage 1, gelatinous body 1,
(nimble swimmer 1), tentacles
a: no special abilities


You were on level 2 of the Dungeon.
You visited 1 branch of the dungeon, and saw 2 of its levels.

You collected 122 gold pieces.

Inventory:

Hand Weapons
 a - a +0 dagger
 g - a +0 flail (weapon)
 m - a +0 sling
Missiles
 h - 2 boomerangs (quivered)
Armour
 b - a +0 hat (worn)
Scrolls
 d - a scroll of fog {unknown}
 e - a scroll of magic mapping
 i - a scroll of amnesia {unknown}
 k - a scroll of teleportation {unknown}
 l - a scroll of immolation {unknown}
Potions
 c - a potion of magic
 f - a potion of flight
 j - a potion of brilliance {unknown}


   Skills:
 + Level 0.5 Fighting
 + Level 1.3 Maces & Flails
 + Level 2.2 Dodging
 + Level 3.4 Stealth
 + Level 3.7 Spellcasting
 + Level 1.4 Conjurations
 + Level 1.0 Summonings
 + Level 1.0 Translocations


You had 9 spell levels left.
You knew the following spells:

 Your Spells              Type           Power      Damage    Failure   Level
a - Magic Dart            Conj           32%        1d4       9%          1

Your spell library contained the following spells:

 Spells                   Type           Power      Damage    Failure   Level
 Slow                     Hex            12%        N/A       16%         1
 Blink                    Tloc           14%        N/A       16%         2
 Call Imp                 Summ           7%         N/A       16%         2
 Conjure Flame            Conj/Fire      6%         6-21      32%         3
 Mephitic Cloud           Conj/Pois/Air  5%         N/A       36%         3
 Ignite Poison            Fire/Tmut/Pois 3%         N/A       41%         3
 Sticky Flame             Conj/Fire      6%         2d3       73%         4


Dungeon Overview and Level Annotations

Branches:
Dungeon (2/15)

Altars:
Fedhas


Innate Abilities, Weirdness & Mutations

You cannot wear most types of armour.
You are amphibious.
You can wear up to eight rings at the same time.
Your skin changes colour to match your surroundings (Stealth+).
Your rubbery body absorbs attacks. (AC +1, EV +1)
((You are camouflaged when in or above water. (Stealth+)))
You have tentacles for arms and can constrict up to eight enemies at once.


Message History

The adder poisons you!
Unknown command.
Casting: Magic Dart (safe; 9% risk of failure)
Confirm with . or Enter, or press ? or * to list all spells.
Aiming: Magic Dart (safe; 9% risk of failure)
Press: ? - help, Shift-Dir - straight line, f/p - adder
Aim: an adder (severely wounded, 100% to hit)
The magic dart hits the adder but does no damage.
The adder is severely wounded.
The adder hisses angrily.
You feel sick. The adder bites you.
You hit the adder.
You kill the adder!
You feel sick. The giant cockroach bites you.
You have reached level 4!
You hit the giant cockroach. You grab the giant cockroach.
The giant cockroach is severely wounded.
You constrict the giant cockroach, but do no damage.
You feel sick.
The giant cockroach bites you but does no damage.
You hit the giant cockroach.
You kill the giant cockroach!
You feel sick.
You are no longer poisoned.
The adder bites you.
You closely miss the adder. Your grab misses the adder.
The adder closely misses you. The adder bites you.
* * * LOW HITPOINT WARNING * * *
You are poisoned.
The adder poisons you!
You hit the adder. Your grab misses the adder. Your squeeze misses the adder.
The adder is lightly wounded.
* * * LOW HITPOINT WARNING * * *
You feel sick. The adder bites you.
* * * LOW HITPOINT WARNING * * *
The adder barely misses you.
It was a potion of flight.
You feel very buoyant.
You fly up into the air.
You die...

#..#.#.# #.. #... #..#.#.#
### ##### ####... #..#.#.#
#...# #...... #..#.#.#
#...# #)..... #......##
#...# #...... #.##.##...
#...# #...... #.# .#.....
#...# #...... #.#
#......########...########.
#.#
......'.S@................
##.#
#.....########...########.
.#.# #.... ##### #. ##.#
#... #. ##.# #.. #. ##.#
##. #. ##.##.## ##
##....##.# .........#


You could see an adder.

Vanquished Creatures
  A gnoll (D:1)
  2 adders (D:2)
  A dart slug (D:1)
  4 endoplasms
  4 giant cockroaches
  2 goblins
  3 hobgoblins
  2 kobolds (D:2)
  2 quokkas (D:2)
  3 ball pythons (D:2)
  4 bats
  A frilled lizard (D:1)
  6 rats
35 creatures vanquished.

Notes
Turn   | Place    | Note
-------+----------+-------------------------------------------
     0 | D:1      | Sabo the Octopode Hedge Wizard began the quest for the Orb.
     0 | D:1      | Reached XP level 1. HP: 11/11 MP: 4/4
   920 | D:1      | Reached XP level 2. HP: 13/17 MP: 0/6
  2007 | D:1      | Reached skill level 1 in Maces & Flails
  2007 | D:1      | Reached XP level 3. HP: 22/22 MP: 0/8
  3347 | D:2      | Found a blossoming altar of Fedhas.
  4008 | D:2      | Reached XP level 4. HP: 14/27 MP: 4/9
  4011 | D:2      | HP: 1/27 [adder (3)]
  4012 | D:2      | Succumbed to an adder's poison

Illustrated notes

Levels and vault maps discovered:
D:1:      ncdulo_wetmaze, layout_basic, minmay_pentomino_p2
D:2:      layout_basic, basic_altar

Skill      XL: |  1  2 |
---------------+-------+-----
Stealth        | 3 |  3.4
Maces & Flails | 1 |  1.3
Fighting       | |  0.5
Dodging        | |  2.2
Spellcasting   | |  3.7
Conjurations   | |  1.4
Summonings     | |  1.0
Translocations | |  1.0

Action                   |  1- 3 |  4- 6 || total
-------------------------+-------+-------++-------
Melee: Dagger            |     4 |       ||     4
       Flail             |    33 |     4 ||    37
       Constrict         |     8 |     1 ||     9
       Punch             |     1 |       ||     1
       Tentacles         |     5 |       ||     5
 Cast: Magic Dart        |    69 |       ||    69
  Use: Scroll            |     2 |       ||     2
       Potion            |       |     1 ||     1
Armor: Skin              |    10 |     1 ||    11
Dodge: Dodged            |    39 |     2 ||    41

Table legend: (Time is in decaauts)
 A = Elapsed time spent in this place.
 B = Non-inter-level travel time spent in this place.
 C = Inter-level travel time spent in this place.
 D = Time resting spent in this place.
 E = Time spent auto-exploring this place.
 F = Levels seen in this place.
 G = Mean time per level.
                   A        B        C        D        E       F      G
               +--------+--------+--------+--------+--------+-----+--------+
         Total |   4026 |   4026 |      0 |   2503 |      0 |   2 | 2013.0 |
       Dungeon |   4026 |   4026 |      0 |   2503 |      0 |   2 | 2013.0 |
               +--------+--------+--------+--------+--------+-----+--------+

Top non-repeatable levels by time:
     D:1: 2344 daAuts
     D:2: 1681 daAuts
